 Dungeon Crawl Stone Soup version 0.30-a0-55-g90e3122c3a (webtiles) character file.

Game seed: 337624338842859163

81 zishaf the Trooper (level 4, -14/40 HPs)
             Began as a Ghoul Warper on Sept 9, 2022.
             Killed by an exploding ball python (41 damage)
             ... ignited by their inner flame
             ... on level 3 of the Dungeon.
             The game lasted 00:02:45 (2436 turns).

zishaf the Trooper (Ghoul Warper)                   Turns: 2436, Time: 00:02:46

Health: -14/40     AC:  8    Str: 13 (16) XL:     4   Next: 42%
Magic:  14/14      EV: 10    Int:  7 (11) God:
Gold:   129        SH:  0    Dex:  7 (8)  Spells: 4/6 levels left

rFire   . . .      SeeInvis .      - Unarmed
rCold   + . .      Faith    .    (no shield)
rNeg    + + +      Spirit   .    i - +0 ring mail
rPois   ∞          Reflect  .    j - +2 helmet {Int+3}
rElec   .          Harm     .    (no cloak)
rCorr   .          Rampage  .    (no gloves)
Will    .....                    (no boots)
Stlth   ..........               (no amulet)
HPRegen 0.00/turn                f - ring of magical power
MPRegen 0.14/turn                (no ring)

@: attractive, inhibited regen
A: claws 1, cold resistance 1, negative energy resistance 3, inhibited
regeneration, torment resistance 2, devour on kill
a: no special abilities


You were on level 3 of the Dungeon.
You visited 1 branch of the dungeon, and saw 3 of its levels.

You collected 129 gold pieces.

Inventory:

Hand Weapons
 a - a +1 vorpal sling
Missiles
 c - 7 boomerangs of dispersal (quivered)
 g - 4 javelins
Armour
 i - a +0 ring mail (worn)
 j - a +2 helmet of intelligence (worn)
Jewellery
 f - a ring of magical power (left claw)
Scrolls
 b - a scroll of blinking
 e - 2 scrolls of identify
 h - a scroll of immolation
 m - a scroll of noise {unknown}


   Skills:
 * Level 3.8 Fighting
 - Level 0.8 Throwing
 + Level 1.9 Armour
 + Level 2.5 Dodging
 - Level 2.1 Unarmed Combat
 - Level 1.7 Spellcasting
 - Level 2.6 Translocations


You had 4 spell levels left.
You knew the following spells:

 Your Spells              Type           Power      Damage    Failure   Level
a - Blink                 Tloc           8%         N/A       38%         2

Your spell library contained the following spells:

 Spells                   Type           Power      Damage    Failure   Level
 Gell's Gravitas          Tloc           4%         N/A       63%         3
 Lesser Beckoning         Tloc           4%         N/A       63%         3
 Teleport Other           Tloc           4%         N/A       63%         3
 Manifold Assault         Tloc           4%         N/A       100%        5


Dungeon Overview and Level Annotations

Branches:
Dungeon (3/15)

Altars:

Annotations:
D:2 1 runed translucent door, Crazy Yiuf


Innate Abilities, Weirdness & Mutations

You are immune to poison.
You have sharp fingernails.
Your flesh is cold resistant. (rC+)
You are immune to negative energy. (rN+++)
You do not regenerate when monsters are visible.
You are immune to unholy pain and torment.
You thrive by killing the living.


Message History

The ball python bites you but does no damage.
The ball python grabs you. The ball python constricts you.
The ball python is attracted toward you.
The ball python hisses angrily.
You scratch the ball python.
The ball python is severely wounded.
The ball python bites you but does no damage.
The ball python constricts you.
As you read the scroll labelled CYXEUPPUENG, it crumbles to dust.
It is a scroll of identify.
h - 2 scrolls of immolation The goblin hits you but does no damage.
The orc barely misses you.
The ball python bites you but does no damage.
The ball python constricts you.
The ball python is attracted toward you.
Really read the scroll of immolation?
Okay, then.
Really read the scroll of immolation?
As you read the scroll of immolation, it crumbles to dust.
The creatures around you are filled with an inner flame!
The orc hits you but does no damage. The goblin completely misses you.
The ball python bites you but does no damage.
The ball python constricts you.
You closely miss the ball python.
The ball python is heavily wounded.
The ball python bites you but does no damage.
The ball python constricts you. The goblin closely misses you.
You completely miss the ball python.
The ball python is heavily wounded.
The ball python bites you. The ball python constricts you.
The orc priest mumbles some strange prayers to Beogh against you.
Beogh smites you! The orc hits you with a +0 hand axe.
The goblin barely misses you.
The ball python bites you but does no damage.
The ball python constricts you.
You scratch the ball python.
You feel better.
The ball python explodes!
The fiery explosion engulfs you!!!
Ouch! That really hurt!
You die...

.. ... .... ###
#.... #.###
.... .
#...##§§#...
#<..#§o.....
#...@oS.....
#...og......
....#.........#
#.............#
#...........###
.............#
........######
.....#.#


You could see an orc priest (inner flame), 2 orcs, a goblin (inner flame) and a
ball python (inner flame).

Vanquished Creatures
  Robin (D:2)
  An adder (D:2)
  A worm (D:2)
  A dart slug (D:2)
  A bat (D:2)
  5 endoplasms
  2 giant cockroaches (D:1)
  5 hobgoblins
  4 kobolds
  3 quokkas (D:1)
  6 ball pythons
  A frilled lizard (D:1)
  16 goblins
  4 rats
51 creatures vanquished.

Notes
Turn   | Place    | Note
-------+----------+-------------------------------------------
     0 | D:1      | zishaf the Ghoul Warper began the quest for the Orb.
     0 | D:1      | Reached XP level 1. HP: 17/17 MP: 2/2
    97 | D:1      | Reached skill level 1 in Armour
   337 | D:1      | Reached XP level 2. HP: 25/25 MP: 2/3
  1018 | D:1      | Reached skill level 3 in Fighting
  1075 | D:1      | Reached XP level 3. HP: 31/31 MP: 4/4
  1642 | D:2      | Learned a level 2 spell: Blink
  1767 | D:2      | Noticed Robin
  1776 | D:2      | Killed Robin
  1806 | D:2      | Reached XP level 4. HP: 28/38 MP: 5/5
  2028 | D:2      | Found a faded altar of an unknown god.
  2398 | D:2      | Found a runed translucent door.
  2399 | D:2      | Noticed Crazy Yiuf
  2436 | D:3      | Killed by an exploding ball python... ignited by their
                  | inner flame

Illustrated notes

Levels and vault maps discovered:
D:1:      dpeg_arrival_oval, layout_loops_ring, grunt_decor_junction
D:2:      layout_basic, hellmonk_ecumenical_altar_slurped_away, uniq_robin,
          uniq_crazy_yiuf_cottage
D:3:      layout_basic, lemuel_crystal_altar, ebering_ghost_disaster_area,
          gup_sewer_entry_bubbles, minmay_misc_feat_cross,
          minmay_misc_feat_rows, kennysheep_nondescript, uniq_grinder

Skill      XL: |  1  2 |
---------------+-------+-----
Armour         | 1 |  1.9
Dodging        | 2 |  2.5
Fighting       | 3 |  3.8
Throwing       | |  0.8
Unarmed Combat | |  2.1
Spellcasting   | |  1.7
Translocations | |  2.6

Action                   |  1- 3 |  4- 6 || total
-------------------------+-------+-------++-------
Melee: Unarmed           |   115 |    45 ||   160
       Punch             |       |     1 ||     1
 Fire: Sling             |    10 |       ||    10
  Use: Potion            |       |     3 ||     3
       Scroll            |       |     2 ||     2
Armor: Leather armour    |     8 |       ||     8
       Ring mail         |    24 |    21 ||    45
Dodge: Dodged            |    47 |    21 ||    68

Table legend: (Time is in decaauts)
 A = Elapsed time spent in this place.
 B = Non-inter-level travel time spent in this place.
 C = Inter-level travel time spent in this place.
 D = Time resting spent in this place.
 E = Time spent auto-exploring this place.
 F = Levels seen in this place.
 G = Mean time per level.
                   A        B        C        D        E       F      G
               +--------+--------+--------+--------+--------+-----+--------+
         Total |   2430 |   2284 |    146 |      0 |   1945 |   3 |  810.0 |
       Dungeon |   2430 |   2284 |    146 |      0 |   1945 |   3 |  810.0 |
               +--------+--------+--------+--------+--------+-----+--------+

Top non-repeatable levels by time:
     D:1: 1634 daAuts
     D:2: 786 daAuts
     D:3: 10 daAuts
